 Dungeon Crawl Stone Soup version 0.31.0-11-ge490571c62 (webtiles) character file.

Game seed: 15209893178200981775

1050 Silvore the Slasher (level 8, -1/61 HPs)
             Began as a Demonspawn Fighter on Feb 9, 2024.
             Was a Follower of Okawaru.
             Slain by a wight
             ... wielding a +3 trident
              (6 damage)
             ... on level 6 of the Dungeon.
             The game lasted 00:05:34 (3321 turns).

Silvore the Slasher (Demonspawn Fighter)            Turns: 3321, Time: 00:05:35

Health: -1/61      AC: 16    Str: 18    XL:     8   Next: 5%
Magic:  8/8        EV:  6    Int:  8    God:    Okawaru [*.....]
Gold:   272        SH:  0    Dex: 14    Spells: 7/7 levels left

rFire   . . .        a - +1 long sword (freeze)
rCold   . . .        l - orb {light}
rNeg    . . .        s - +0 plate armour
rPois   .            (helmet restricted)
rElec   .            (no cloak)
rCorr   .            t - +0 pair of gloves
SInv    .            k - +0 pair of boots
Will    .....        p - amulet of regeneration Stlth
                     (no ring)
HPRegen 1.10/turn    (no ring)
MPRegen 0.11/turn

%: no passive effects
@: mighty, mesmerised, glowing
A: antennae 2, icy blue scales 1, spiny 3
a: Renounce Religion, Heroism


You were on level 6 of the Dungeon.
You worshipped Okawaru.
Okawaru was aware of your devotion.
You visited 2 branches of the dungeon, and saw 7 of its levels.

You collected 272 gold pieces.

Inventory:

Hand Weapons
 a - a +1 long sword of freezing (weapon)
Armour
 b - a +0 scale mail
 c - a +0 buckler
 k - a +0 pair of boots (worn)
 l - an orb of light (worn)
 s - a +0 plate armour (worn)
 t - a +0 pair of gloves (worn)
Jewellery
 i - an amulet of magic regeneration
 p - an amulet of regeneration (around neck)
Wands
 o - a wand of paralysis (7)
 v - a wand of flame (16)
Scrolls
 g - a scroll of enchant weapon
 h - a scroll of teleportation
 u - a scroll of immolation
Potions
 e - a potion of curing {unknown}
 j - a potion of heal wounds {unknown}
 m - 3 potions of mutation {unknown}
 n - a potion of brilliance {unknown}
 q - a potion of resistance {unknown}
 r - 3 potions of berserk rage


   Skills:
 + Level 4.6 Fighting
 + Level 5.9 Long Blades
 + Level 5.0 Armour
 + Level 2.9 Dodging
 + Level 0.6 Stealth
 + Level 2.9 Shields


You had 7 spell levels left.
You didn't know any spells.
Your spell library was empty.

Dungeon Overview and Level Annotations

Branches:
Dungeon (5/15)             Temple (1/1) D:4

Altars:
Ashenzari
Cheibriados
Dithmenos
Hepliaklqana
Kikubaaqudgha
Nemelex Xobeh
Okawaru
Ru
Sif Muna
Trog
Vehumet
Yredelemnul

Shops:
D:1 =

Annotations:
D:6 Maggie, Menkaure


Innate Abilities, Weirdness & Mutations

You have a pair of antennae on your head.
You are partially covered in icy blue scales. (AC +2)
You are completely covered in sharp spines.


Message History

The wight hits you but does no damage. Menkaure is struck by your spines.
Menkaure hits you.
* * * LOW HITPOINT WARNING * * *
Prince Ribbit barely misses you.
Unknown command.
The wight hits you from afar with a +3 trident.
* * * LOW HITPOINT WARNING * * *
Unknown command.
You feel less invigorated.
You feel less confused. Menkaure barely misses you.
The wight is struck by your spines. The wight hits you with a +1 dagger.
You slash Prince Ribbit! You freeze Prince Ribbit.
You kill Prince Ribbit!
Okawaru is honoured by your kill.
You can now gain great but temporary skills.
The wight closely misses you. Menkaure is struck by your spines.
Menkaure hits you but does no damage. The wight hits you but does no damage.
Your life force feels restored.
Your Armour skill increases to level 5!
You have reached level 8!
You feel agile.
Your demonic ancestry asserts itself...
Sharp spines emerge from your entire body.
The wight closely misses you.
Maggie casts a spell.
Maggie draws you further into her thrall.
Menkaure gestures at you while chanting.
Pain shoots through your body!
* * * LOW HITPOINT WARNING * * *
You cannot move away from Maggie!
It was a potion of berserk rage.
You are too mesmerised to rage.
The wight hits you but does no damage. Maggie hits you but does no damage.
The wight is struck by your spines. The wight hits you with a +1 dagger.
* * * LOW HITPOINT WARNING * * *
Menkaure hits you but does no damage.
Okay, then.
You slash Menkaure! You freeze Menkaure.
Menkaure is almost destroyed.
The wight hits you from afar with a +3 trident.
You die...

.....z #...#..≈≈
...... #...#....
.....# +....#^.
.....####.....#
#..........#
#....!.....#
#....@h....# ..
#....zMzz..#
...####......@...#
#...............##
#...............#
#...............#
#[..............#
.....###'###.....#
.....#.....#.....#
.... #.....#.....#
... #.....#.....#


You could see Maggie (mesmerising), a black bear, Menkaure and 3 wights.

Vanquished Creatures
  Prince Ribbit (D:6)
  Grinder (D:4)
  Sigmund (D:5)
  Eustachio (D:4)
  An ogre (D:4)
  A bombardier beetle (D:5)
  A crimson imp (D:4)
  A hound (D:4)
  A jelly (D:6)
  An iguana (D:4)
  3 orc wizards (D:5)
  3 gnolls (D:5)
  2 adders (D:4)
  A white imp (D:4)
  A ribbon worm (D:2)
  A dart slug (D:1)
  2 orcs (D:5)
  8 ball pythons
  4 endoplasms
  2 giant cockroaches (D:2)
  8 hobgoblins
  9 jackals
  A quokka (D:1)
  7 bats
  4 frilled lizards
  6 goblins
  4 kobolds
  2 rats (D:2)
78 creatures vanquished.

Notes
Turn   | Place    | Note
-------+----------+-------------------------------------------
     0 | D:1      | Silvore the Demonspawn Fighter began the quest for the Orb.
     0 | D:1      | Reached XP level 1. HP: 18/18 MP: 1/1
    74 | D:1      | Gained mutation: You are partially covered in icy blue
                  | scales. (AC +2) [demonic ancestry]
    74 | D:1      | Reached XP level 2. HP: 19/24 MP: 2/2
   150 | D:1      | Found Luryemie's Jewellery Shoppe.
   829 | D:2      | Gained mutation: You have a pair of small antennae on your
                  | head. [demonic ancestry]
   829 | D:2      | Reached XP level 3. HP: 29/29 MP: 3/3
  1025 | D:2      | Found a faded altar of an unknown god.
  2588 | D:4      | Gained mutation: You have a pair of antennae on your head.
                  | [demonic ancestry]
  2588 | D:4      | Reached XP level 4. HP: 35/35 MP: 4/4
  2626 | D:4      | Found a staircase to the Ecumenical Temple.
  2649 | Temple   | Entered the Ecumenical Temple
  2651 | D:4      | Noticed Eustachio
  2683 | D:4      | Killed Eustachio
  2684 | D:4      | Reached skill level 1 in Dodging
  2684 | D:4      | Gained mutation: You are partially covered in sharp spines.
                  | [demonic ancestry]
  2684 | D:4      | Reached XP level 5. HP: 27/42 MP: 5/5
  2800 | D:4      | Reached XP level 6. HP: 48/48 MP: 6/6
  2932 | D:4      | Noticed Grinder
  2943 | D:4      | Killed Grinder
  3081 | D:4      | Gained mutation: You are mostly covered in sharp spines.
                  | [demonic ancestry]
  3081 | D:4      | Reached XP level 7. HP: 54/54 MP: 7/7
  3160 | D:5      | Entered Level 5 of the Dungeon
  3182 | D:4      | Reached skill level 5 in Long Blades
  3209 | D:5      | Found an iron altar of Okawaru.
  3217 | D:5      | Became a worshipper of Warmaster Okawaru
  3231 | D:5      | Noticed Sigmund
  3241 | D:5      | Killed Sigmund
  3279 | D:5      | You fall into a shaft and drop 1 floor!
  3307 | D:6      | Noticed Menkaure
  3307 | D:6      | Noticed Prince Ribbit
  3309 | D:6      | Noticed Maggie
  3318 | D:6      | Killed Prince Ribbit
  3318 | D:6      | Reached * piety under Okawaru
  3319 | D:6      | Reached skill level 5 in Armour
  3319 | D:6      | Gained mutation: You are completely covered in sharp
                  | spines. [demonic ancestry]
  3319 | D:6      | Reached XP level 8. HP: 20/61 MP: 8/8
  3321 | D:6      | Slain by a wight

Illustrated notes

Levels and vault maps discovered:
D:1:      minmay_arrival_stone_box, layout_rooms, serial_shops, shop,
          corexii_leaking_fountain
D:2:      layout_basic, basic_ecumenical_altar, minmay_splitting_lines,
          serial_park_tiny_2
D:3:      layout_basic
D:4:      layout_basic, minmay_temple_entry_waves,
          minmay_misc_feat_four_crosses, minmay_fire_ice_demons, uniq_eustachio,
          uniq_grinder
D:5:      layout_gridville, lemuel_doored_altar, gammafunk_ghost_cemetery,
          uniq_sigmund
D:6:      layout_gridville, nicolae_wu_jian_wuxing_cycle, uniq_menkaure,
          uniq_maggie, uniq_prince_ribbit1, uniq_duvessa
Temple:   nicolae_temple_ecumenical_triangle

Skill      XL: |  1  2  3  4  5  6  7 |
---------------+----------------------+-----
Armour         | 3 4 5 |  5.0
Long Blades    | 2 3 4 5 |  5.9
Dodging        | 1 2 |  2.9
Fighting       | 4 |  4.6
Stealth        | |  0.6
Shields        | |  2.9

Action                     |  1- 3 |  4- 6 |  7- 9 || total
---------------------------+-------+-------+-------++-------
  Melee: Long sword        |   151 |    55 |    24 ||   230
    Use: Scroll            |     7 |     1 |       ||     8
         Potion            |       |       |     3 ||     3
 Armour: Scale mail        |   147 |    96 |       ||   243
         Plate armour      |       |    15 |    32 ||    47
  Dodge: Dodged            |   109 |    65 |    15 ||   189
  Block: Buckler           |    31 |       |       ||    31
